 Dungeon Crawl Stone Soup version 0.20.1-1-g8b1a95d (webtiles) character file.

6412 froobite the Cleaver (level 10, -10/90 HPs)
             Began as a Minotaur Berserker on Aug 9, 2017.
             Was a High Priest of Trog.
             Mangled by a two-headed ogre
             ... wielding a +0 giant club
              (15 damage)
             ... on level 9 of the Dungeon.
             The game lasted 00:31:08 (6871 turns).

froobite the Cleaver (Minotaur Berserker)           Turns: 6871, Time: 00:31:10

Health: -10/90     AC: 19    Str: 20    XL:     10   Next: 66%
Magic:  9/9        EV:  8    Int:  5    God:    Trog [*****.]
Gold:   322        SH:  7    Dex: 10    Spells: 9/9 levels left

rFire    . . .     SeeInvis .   F - +9 short sword "Laaluest" {freeze, rN+ MR+ Str-4}
rCold    . . .     Gourm    .   p - +2 buckler
rNeg     + . .     Faith    .   e - +3 plate armour
rPois    .         Spirit   .   (helmet restricted)
rElec    .         Reflect  .   m - +1 cloak
rCorr    .         Harm     .   (no gloves)
MR       ++...                  (no boots)
Stlth    ..........             l - amulet of magic regeneration
Regen    0.3/turn               w - ring of protection from magic
MPRegen  0.2/turn               (no ring)

@: no status effects
A: retaliatory headbutt, horns 2
a: Berserk, Trog's Hand, Brothers in Arms, Burn Spellbooks, Renounce Religion


You were on level 9 of the Dungeon.
You worshipped Trog.
Trog was extremely pleased with you.
You were not hungry.

You visited 1 branch of the dungeon, and saw 9 of its levels.

You collected 322 gold pieces.

Inventory:

Hand Weapons
 a - a +0 hand axe
 n - a +2 quarterstaff of chaos
 D - a +3 short sword of draining
 F - the +9 short sword "Laaluest" (weapon) {freeze, rN+ MR+ Str-4}
   (You found it on level 7 of the Dungeon)

   It has been specially enchanted to freeze those struck by it, causing extra
   injury to most foes and up to half again as much damage against particularly
   susceptible opponents.
   It can also slow down cold-blooded creatures.
   It affects your strength (-4).
   It protects you from negative energy.
   It affects your resistance to hostile enchantments.
Missiles
 C - 3 steel tomahawks (quivered)
Armour
 b - a +0 animal skin
 e - a +3 plate armour (worn)
 m - a +1 cloak (worn)
 p - a +2 buckler (worn)
 G - a +0 chain mail of magic resistance
Jewellery
 l - an amulet of magic regeneration (around neck)
 w - a ring of protection from magic (left hand)
Wands
 y - a wand of iceblast (7/15)
Scrolls
 d - a scroll of remove curse
 i - a scroll of magic mapping
 o - a scroll of blinking
 r - a scroll of recharging
 t - 2 scrolls of teleportation
 I - 2 scrolls of identify
Potions
 g - a potion of resistance {unknown}
 h - 2 potions of mutation
 j - 3 potions of cancellation
 q - 4 potions of curing
 s - 2 potions of flight {unknown}
 u - a potion of magic {unknown}
 v - a potion of might {unknown}
 x - 3 potions of heal wounds {unknown}
 z - a potion of degeneration {unknown}
 B - a potion of experience {unknown}
 E - 2 potions of haste {unknown}
 H - a potion of lignification {unknown}
Comestibles
 c - 2 bread rations
 f - 2 meat rations
 k - 16 royal jellies
 A - 3 fruits


   Skills:
 + Level 8.7 Fighting
 + Level 7.2 Short Blades
 + Level 10.3 Axes
 + Level 3.0 Staves
 + Level 2.6 Throwing
 + Level 9.9 Armour
 + Level 3.7 Dodging
 + Level 5.4 Shields


You had 9 spell levels left.
You didn't know any spells.

Dungeon Overview and Level Annotations

Branches:
Dungeon (9/15)             Temple (0/1) D:7            Lair (0/6) D:8
    Orc: D:9-12

Altars:
Nemelex Xobeh
Ru
Uskayaw
Xom

Shops:
D:9 }(([:


Innate Abilities, Weirdness & Mutations

You reflexively headbutt those who attack you in melee.
You have a pair of horns on your head.


Message History

You barely miss the two-headed ogre. You headbutt the two-headed ogre.
The two-headed ogre is lightly wounded.
The two-headed ogre hits you with a giant club!
You block the two-headed ogre's attack.
You hit the two-headed ogre. You freeze the two-headed ogre.
The two-headed ogre is lightly wounded.
You puncture the two-headed ogre! You freeze the two-headed ogre.
The two-headed ogre is moderately wounded.
The two-headed ogre hits you with a giant club!
The two-headed ogre hits you with a giant spiked club!!
* * * LOW HITPOINT WARNING * * *
You puncture the two-headed ogre! You freeze the two-headed ogre.
The two-headed ogre is heavily wounded.
You puncture the two-headed ogre! You freeze the two-headed ogre.
You headbutt the two-headed ogre!
The two-headed ogre is almost dead.
The two-headed ogre hits you with a giant club!
* * * LOW HITPOINT WARNING * * *
The two-headed ogre hits you with a giant spiked club!
You die...

>................................
.#.#.#.#.....#.........###.#.#.#.
.#<..#.#...###.........# #...#.#.
.###.#.###.###.........#######.##
.................................
######......##.........##########
..# #......##.........# # #.#
#.................# #
#.######.#.....O@......# #
.........####..........#
.......................##########
.........##...........###........
........###..[........# #........
........#...[[........# #........
........#.#...........# #........
........#.#...........# #........
........# #...........# ######...


You could see a two-headed ogre.

Vanquished Creatures
  Pikel (D:6)
  A centaur zombie (D:9)
  An elephant (D:8)
  An ice statue (D:9)
  2 trolls (D:9)
  A wyvern (D:9)
  A basilisk (D:8)
  A yak (D:8)
  Edmund (D:6)
  A water moccasin (D:7)
  A sky beast (D:9)
  3 orc warriors
  An ice beast (D:8)
  4 slaves (D:6)
  5 ogres
  2 centaurs
  2 crocodiles
  Blork the orc (D:6)
  2 bullfrogs
  4 scorpions
  6 killer bees (D:7)
  7 wights
  4 howler monkeys
  A crimson imp (D:7)
  Crazy Yiuf (D:3)
  7 hounds
  6 jellies
  3 bullfrog skeletons
  4 orc priests
  6 orc wizards
  4 centaur skeletons
  4 iguanas
  Terence (D:2)
  7 worker ants
  A killer bee zombie (D:6)
  7 gnolls
  9 adders
  A shadow imp (D:6)
  6 oozes
  2 adder skeletons (D:4)
  2 worms
  2 dart slugs (D:1)
  3 leopard geckos
  18 orcs
  3 giant cockroaches
  6 goblins
  2 hobgoblins
  10 jackals
  7 kobolds
  3 quokkas
  A ball python (D:3)
  4 bats
  A frilled lizard (D:2)
  A jackal skeleton (D:9)
  2 leopard gecko zombies (D:5)
  5 rats
193 creatures vanquished.

Notes
Turn   | Place    | Note
-------+----------+-------------------------------------------
     0 | D:1      | froobite the Minotaur Berserker began the quest for the Orb.
     0 | D:1      | Reached XP level 1. HP: 19/19 MP: 0/0
   174 | D:1      | Reached XP level 2. HP: 27/27 MP: 1/1
   345 | D:1      | Reached skill level 4 in Axes
   609 | D:2      | Reached XP level 3. HP: 34/34 MP: 2/2
   703 | D:2      | Noticed Terence
   720 | D:2      | Killed Terence
   904 | D:2      | Found a sacrificial altar of Ru.
   988 | D:2      | Found a sparkling altar of Nemelex Xobeh.
  1088 | D:3      | Reached XP level 4. HP: 41/41 MP: 3/3
  1210 | D:3      | Reached ** piety under Trog
  1247 | D:3      | Noticed a bullfrog
  1256 | D:3      | Killed a bullfrog
  1256 | D:3      | Reached skill level 5 in Axes
  1256 | D:3      | Reached XP level 5. HP: 47/47 MP: 4/4
  1256 | D:3      | Reached skill level 5 in Fighting
  1487 | D:3      | Found a runed door.
  1563 | D:3      | Noticed Crazy Yiuf
  1570 | D:3      | Killed Crazy Yiuf
  1686 | D:4      | Reached skill level 6 in Axes
  1781 | D:4      | Reached XP level 6. HP: 46/56 MP: 5/5
  1999 | D:4      | Reached skill level 1 in Staves
  2034 | D:4      | Reached XP level 7. HP: 61/62 MP: 6/6
  2084 | D:4      | Reached skill level 7 in Axes
  2152 | D:4      | You fall through a shaft!
  2152 | D:5      | Entered Level 5 of the Dungeon
  2168 | D:5      | Reached skill level 5 in Armour
  2238 | D:5      | Reached *** piety under Trog
  2263 | D:5      | Reached skill level 8 in Axes
  2263 | D:5      | Reached skill level 1 in Shields
  2263 | D:5      | Reached XP level 8. HP: 27/71 MP: 7/7
  3180 | D:6      | Noticed Edmund
  3200 | D:6      | Killed Edmund
  3260 | D:6      | Noticed Pikel
  3274 | D:6      | Killed Pikel
  3274 | D:6      | Reached skill level 9 in Axes
  3368 | D:6      | Noticed Blork the orc
  3377 | D:6      | Reached skill level 10 in Axes
  3397 | D:6      | Killed Blork the orc
  3400 | D:6      | Reached XP level 9. HP: 15/79 MP: 8/8
  3883 | D:6      | Found a hide-covered altar of Uskayaw.
  4152 | D:6      | Reached **** piety under Trog
  4252 | D:7      | Reached skill level 1 in Short Blades
  4618 | D:7      | Got a steaming short sword
  4620 | D:7      | Identified the +9 short sword "Laaluest" {freeze, rN+ MR+ Str-4} (You found it on level 7 of the Dungeon)
  4891 | D:7      | Found a staircase to the Ecumenical Temple.
  4980 | D:8      | Noticed an elephant
  4992 | D:8      | Reached skill level 1 in Throwing
  4999 | D:8      | Killed an elephant
  5015 | D:8      | Found a staircase to the Lair.
  5402 | D:8      | Reached XP level 10. HP: 75/88 MP: 9/9
  5452 | D:8      | Reached skill level 5 in Shields
  5778 | D:8      | Found a shimmering altar of Xom.
  5931 | D:9      | Found Imatogie's Weapon Emporium.
  5946 | D:9      | Reached skill level 5 in Short Blades
  6059 | D:9      | Found Googishry's Antique Weapon Shop.
  6079 | D:9      | Found Keto Dua's Armour Shoppe.
  6160 | D:9      | Found Efusist's Book Shoppe.
  6215 | D:9      | Found Sodepog's Gadget Shoppe.
  6304 | D:9      | Noticed an ice statue
  6319 | D:9      | Killed an ice statue
  6351 | D:9      | Reached ***** piety under Trog
  6863 | D:9      | Noticed a two-headed ogre
  6871 | D:9      | Mangled by a two-headed ogre

Skill      XL: |  1  2  3  4  5  6  7  8  9 10 |
---------------+-------------------------------+-----
Fighting       | 4 5 6 7 8 |  8.7
Axes           | 4 5 6 8 10 | 10.3
Armour         | 3 4 5 7 9 |  9.9
Staves         | 2 3 |  3.0
Shields        | 1 2 4 5 |  5.4
Short Blades   | 4 7 |  7.2
Throwing       | 2 |  2.6
Dodging        | 3 |  3.7

Action                   |  1- 3 |  4- 6 |  7- 9 | 10-12 || total
-------------------------+-------+-------+-------+-------++-------
Melee: Hand axe          |    80 |    77 |   155 |       ||   312
       Headbutt          |    10 |    21 |    62 |    30 ||   123
       Quarterstaff      |       |    23 |       |       ||    23
       Short sword       |       |       |   128 |   137 ||   265
Throw: Tomahawk          |       |       |    20 |     5 ||    25
Invok: Berserk           |       |     2 |     5 |     2 ||     9
       Burn Spellbooks   |       |       |       |     1 ||     1
  Use: Scroll            |     5 |     4 |    13 |     3 ||    25
       Potion            |       |       |     1 |       ||     1
  Eat: Royal jelly       |     1 |       |       |       ||     1
       Chunk             |       |     3 |     2 |       ||     5
       Bread ration      |       |       |     4 |     1 ||     5
Armor: Plate armour      |    47 |    75 |   189 |   109 ||   420
Dodge: Dodged            |    24 |    34 |   111 |    41 ||   210
Block: Buckler           |       |     6 |    83 |    50 ||   139
